 Dungeon Crawl Stone Soup version 0.26-a0-808-g930a2b7adc (webtiles) character file.

Game seed: 12526736115204765026

15 Kinoniko the Ruffian (level 2, 27/27 HPs)
             Began as an Ogre Transmuter on Nov 12, 2020.
             Quit the game on level 1 of the Dungeon.
             The game lasted 00:01:23 (1050 turns).

Kinoniko the Ruffian (Ogre Transmuter)              Turns: 1050, Time: 00:01:24

Health: 27/27      AC:  3    Str: 13    XL:     2   Next: 50%
Magic:  5/5        EV: 10    Int: 14    God:
Gold:   54         SH:  0    Dex:  9    Spells: 5/6 levels left

rFire    . . .     SeeInvis .   g - -2 hand axe (curse)
rCold    . . .     Faith    .   (no shield)
rNeg     . . .     Spirit   .   a - +0 robe
rPois    .         Reflect  .   (helmet restricted)
rElec    .         Harm     .   (no cloak)
rCorr    .         Rampage  .   (gloves unavailable)
MR       .....                  (boots unavailable)
Stlth    +.........             (no amulet)
HPRegen  0.09/turn              (no ring)
MPRegen  0.09/turn              (no ring)

@: no status effects
A: large, unfitting armour, tough skin 1
a: no special abilities


You were on level 1 of the Dungeon.
You visited 1 branch of the dungeon, and saw 1 of its levels.

You collected 54 gold pieces.

Inventory:

Hand Weapons
 g - a cursed -2 hand axe (weapon)
Armour
 a - a +0 robe (worn)
Scrolls
 b - a scroll of identify {unknown}
 d - a scroll of teleportation {unknown}
 e - 2 scrolls of remove curse {unknown}
 f - a scroll of blinking {unknown}
Potions
 c - a potion of degeneration {unknown}


   Skills:
 + Level 1.4 Fighting
 - Level 1.8 Dodging
 * Level 3.1 Unarmed Combat
 + Level 2.6 Spellcasting
 * Level 2.0 Transmutations


You had 5 spell levels left.
You knew the following spells:

 Your Spells              Type           Power        Failure   Level
a - Beastly Appendage     Tmut           #.....       10%         1

Your spell library contained the following spells:

 Spells                   Type           Power        Failure   Level
 Wereblood                Tmut           #.......     14%         2
 Spider Form              Tmut/Pois      #.........   41%         3
 Ice Form                 Ice/Tmut       #.......     82%         4
 Blade Hands              Tmut           #.........   95%         5


Dungeon Overview and Level Annotations

Branches:
Dungeon (1/15)

Altars:
Ashenzari


Innate Abilities, Weirdness & Mutations

You are too large for most types of armour.
You have tough skin. (AC +1)


Message History

Your transformation is almost over.
Your horns disappear.
Your talons disappear.
e - 2 scrolls labelled WEICIA SAXEYM (gained 1)
You see here a stone.
You see here a stone.
You see here a stone.
Found 18 bolts.
f - a scroll labelled XAZXOU SIUSK Done exploring.
(D) Dungeon
Where to? (? - help)
What level of the Dungeon? (default 1, ? - help)
Okay, then.
Unknown command.
You see here a glowing hand axe.
g - a glowing hand axe It sticks to your hand!
g - a cursed -2 hand axe (weapon)
Okay, then.
Are you sure you want to abandon this character and quit the game? (Confirm with "yes".)

######### #.......#
#.......# #######
#...@...#######......
#....................
#....................
#....................
#.........###.#...)..
#.......#............
#.......#####.##.....
#.......# #.##....#
#......### #.##....#


There were no monsters in sight!

Vanquished Creatures
  A leopard gecko (D:1)
  2 ball pythons (D:1)
  A goblin (D:1)
  2 hobgoblins (D:1)
  3 kobolds (D:1)
  3 bats (D:1)
12 creatures vanquished.

Notes
Turn   | Place    | Note
-------+----------+-------------------------------------------
     0 | D:1      | Kinoniko the Ogre Transmuter began the quest for the Orb.
     0 | D:1      | Reached XP level 1. HP: 19/19 MP: 3/3
   163 | D:1      | Reached skill level 3 in Unarmed Combat
   167 | D:1      | Reached XP level 2. HP: 7/27 MP: 3/5
   569 | D:1      | Found a broken altar of Ashenzari.
  1050 | D:1      | Quit the game

Illustrated notes

Levels and vault maps discovered:
D:1:      giann_bridges, layout_rooms, nrook_mini_backslash,
          nicolae_ashenzari_panopticon

Skill      XL: |  1  2 |
---------------+-------+-----
Unarmed Combat | 3 |  3.1
Transmutations | 2 |  2.0
Fighting       | |  1.4
Dodging        | |  1.8
Spellcasting   | |  2.6

Action                   || total
-------------------------++-------
Melee: Unarmed           ||    38
       Headbutt          ||     5
       Kick              ||     3
 Cast: Beastly Appendage ||     6
Armor: Robe              ||    28
Dodge: Dodged            ||    38

Table legend: (Time is in decaauts)
 A = Elapsed time spent in this place.
 B = Non-inter-level travel time spent in this place.
 C = Inter-level travel time spent in this place.
 D = Time resting spent in this place.
 E = Time spent auto-exploring this place.
 F = Levels seen in this place.
 G = Mean time per level.
                   A        B        C        D        E       F      G
               +--------+--------+--------+--------+--------+-----+--------+
         Total |   1050 |    982 |     68 |    353 |    522 |   1 | 1050.0 |
       Dungeon |   1050 |    982 |     68 |    353 |    522 |   1 | 1050.0 |
               +--------+--------+--------+--------+--------+-----+--------+

Top non-repeatable levels by time:
     D:1: 1050 daAuts
